 Dungeon Crawl Stone Soup version 0.20-a0-993-gba41c3c (webtiles) character file.

20 Monsterracer the Ruffian (level 2, -3/25 HPs)
             Began as a Naga Transmuter on Apr 11, 2017.
             Slain by a kobold
             ... wielding a +0 club
              (4 damage)
             ... on level 1 of the Dungeon.
             The game lasted 00:02:01 (816 turns).

Monsterracer the Ruffian (Naga Transmuter)           Turns: 816, Time: 00:02:02

Health: -3/25      AC:  1    Str: 12    XL:     2   Next: 79%
Magic:  5/5        EV: 10    Int: 13    God:
Gold:   40         SH:  0    Dex: 11    Spells: 4/5 levels left

rFire    . . .     SeeInvis +     - Unarmed
rCold    . . .     Gourm    .   (no shield)
rNeg     . . .     Faith    .   b - +0 robe
rPois    +         Spirit   .   (no helmet)
rElec    .         Reflect  .   (no cloak)
rCorr    .         Harm     .   (no gloves)
MR       .....                  (no barding)
Stlth    +.........             (no amulet)
Regen    0.1/turn               (no ring)
MPRegen  0.1/turn               (no ring)

@: very slow
A: see invisible, deformed body, poison resistance, slowness 2, slow metabolism
1, spit poison 1, AC +0
a: Spit Poison


You were on level 1 of the Dungeon.
You were not hungry.

You visited 1 branch of the dungeon, and saw 1 of its levels.

You collected 40 gold pieces.

Inventory:

Missiles
 a - 12 arrows
Armour
 b - a +0 robe (worn)
Scrolls
 e - a scroll of remove curse {unknown}
 f - a scroll of amnesia {unknown}
 g - a scroll of enchant armour {unknown}
Books
 c - a book of Changes

   Spells                             Type                      Level
   a - Beastly Appendage              Transmutation                1
   b - Sticks to Snakes               Transmutation                2
   c - Spider Form                    Transmutation/Poison         3
   d - Ice Form                       Ice/Transmutation            4
   e - Blade Hands                    Transmutation                5
Comestibles
 d - a bread ration


   Skills:
 - Level 1.1 Fighting
 - Level 1.6 Dodging
 * Level 3.4 Unarmed Combat
 - Level 2.2 Spellcasting
 + Level 2.3 Transmutations


You had 4 spell levels left.
You knew the following spells:

 Your Spells              Type           Power        Failure   Level  Hunger
a - Beastly Appendage     Tmut           #.....       12%         1    ##.....


Dungeon Overview and Level Annotations

Branches:
Dungeon (1/15)

Altars:


Innate Abilities, Weirdness & Mutations

You cannot wear boots.
Your serpentine skin is tough. (AC +0)
You have supernaturally acute eyesight. (SInv)
Armour fits poorly on your strangely shaped body.
Your system is resistant to poisons. (rPois)
You cover ground very slowly.
You have a slow metabolism.
You can spit poison.


Message History

You barely miss the hobgoblin.
The hobgoblin hits you but does no damage.
The kobold hits you with a club.
You barely miss the hobgoblin. The hobgoblin closely misses you.
The kobold closely misses you.
You completely miss the hobgoblin. The kobold hits you with a club!
The hobgoblin hits you with a club.
* * * LOW HITPOINT WARNING * * *
You hit the hobgoblin but do no damage. You headbutt the hobgoblin.
You kill the hobgoblin!
The kobold closely misses you.
Your horns disappear.
The kobold hits you with a club.
* * * LOW HITPOINT WARNING * * *
Things that are here:
a club; 16 stones You hit the kobold.
The kobold is heavily wounded.
The kobold hits you with a club.
You die...

.....# #.# #.###.......)
.....# #.# #(.######....#
.....###.# ##...........#.#
#.....#..# ...#..##..####..
..#...#.#### ..##...##..
#... #..........#
#####.##...##..##..#
..#........# #.#(#....##..
#..##. #............#..$#..#
..##..##.
..#......>...#.8@..#
#..##...
#............#..K#(#
#.<##...
..#..........#.#"#.##
#..##..##.
#............#####..# #..
#..# .
..#........#........##..#
..##..
#...########...##....#..##..
... ....### #.# #...........
### #.....## #.##..#...###.#
.......## #.....###.# #.


You could see a kobold.

Vanquished Creatures
  2 dart slugs (D:1)
  A ball python (D:1)
  3 giant cockroaches (D:1)
  A goblin (D:1)
  2 hobgoblins (D:1)
  2 frilled lizards (D:1)
  2 kobolds (D:1)
  3 rats (D:1)
16 creatures vanquished.

Notes
Turn   | Place    | Note
-------+----------+-------------------------------------------
     0 | D:1      | Monsterracer the Naga Transmuter began the quest for the Orb.
     0 | D:1      | Reached XP level 1. HP: 18/18 MP: 3/3
   535 | D:1      | Reached XP level 2. HP: 21/25 MP: 3/5
   815 | D:1      | HP: 1/25 [kobold/club (5)]
   816 | D:1      | Slain by a kobold

Vault maps used:
D:1:      lightli_iron_boxes, minmay_misc_feat_pillars, minmay_split_cup_large

Action                   || total
-------------------------++-------
Melee: Unarmed           ||    50
       Headbutt          ||     3
 Cast: Beastly Appendage ||    10
Armor: Robe              ||     6
Dodge: Dodged            ||    33
